 Dungeon Crawl Stone Soup version 0.21-a0-196-g6a663c0 (webtiles) character file.

678 tehllama the Insei (level 7, 0/43 HPs)
             Began as an Octopode Transmuter on Aug 15, 2017.
             Shot with an arrow by a centaur (10 damage)
             ... on level 6 of the Dungeon.
             The game lasted 00:13:35 (7574 turns).

tehllama the Insei (Octopode Transmuter)            Turns: 7574, Time: 00:13:38

Health: 0/43       AC:  1    Str: 11    XL:     7   Next: 60%
Magic:  9/10       EV: 14    Int: 15    God:
Gold:   77         SH:  0    Dex: 13    Spells: 4/10 levels left

rFire    + . .     SeeInvis .     - Unarmed
rCold    . . .     Gourm    .   (no shield)
rNeg     . . .     Faith    .   (helmet restricted)
rPois    .         Spirit   .   (no amulet)
rElec    .         Reflect  .   d - ring of protection from magic
rCorr    .         Harm     .   i - ring of protection from fire
MR       +....                  (no ring)
Stlth    ++++......             (no ring)
HPRegen  0.14/turn              (no ring)
MPRegen  0.12/turn              (no ring)
                                (no ring)
                                (no ring)

@: no status effects
A: almost no armour, stealthy swim, amphibious, 8 rings, constrict 8, camouflage
1, gelatinous body 1
a: no special abilities


You were on level 6 of the Dungeon.
You were hungry.

You visited 1 branch of the dungeon, and saw 6 of its levels.

You collected 207 gold pieces.
You spent 130 gold pieces at shops.

Inventory:

Hand Weapons
 B - the +10 great sword of Oozing Pus {slice, MR+, unknown}
   (You found it on level 5 of the Dungeon)

   It inflicts extra damage upon your enemies.
   It affects your resistance to hostile enchantments.
Missiles
 a - 90 arrows
 x - 12 poisoned needles
 D - 7 needles of sleeping
Armour
 n - a +0 buckler
Jewellery
 d - a ring of protection from magic (left tentacle)
 i - a ring of protection from fire (right tentacle)
 A - an uncursed ring of fire
 E - a +2 ring of dexterity {unknown}
Wands
 y - a wand of confusion (24/48)
Scrolls
 g - a scroll of fear {unknown}
 j - a scroll of remove curse
 k - a scroll of blinking {unknown}
 p - a scroll of fog {unknown}
 q - 3 scrolls of teleportation
 r - a scroll of enchant armour {unknown}
 v - 3 scrolls of enchant weapon
Potions
 e - 2 potions of flight
 l - a potion of ambrosia
 m - a potion of invisibility {unknown}
 o - 2 potions of lignification
 s - a potion of curing {unknown}
 t - a potion of brilliance {unknown}
 u - a potion of haste
 w - 2 potions of mutation {unknown}
 C - a potion of might {unknown}
Books
 b - a book of Changes

   Spells                             Type                      Level
   a - Beastly Appendage              Transmutation                1
   b - Sticks to Snakes               Transmutation                2
   c - Spider Form                    Transmutation/Poison         3
   d - Ice Form                       Ice/Transmutation            4
   e - Blade Hands                    Transmutation                5
Comestibles
 c - 2 bread rations
 f - 3 royal jellies
 h - 2 meat rations
 z - a fruit


   Skills:
 - Level 1.0 Fighting
 + Level 2.9 Dodging
 + Level 5.5 Stealth
 + Level 1.7 Shields
 * Level 6.2 Unarmed Combat
 + Level 2.4 Spellcasting
 + Level 2.7 Transmutations
 + Level 1.4 Poison Magic


You had 4 spell levels left.
You knew the following spells:

 Your Spells              Type           Power        Failure   Level  Hunger
a - Beastly Appendage     Tmut           ##....       7%          1    #......
b - Sticks to Snakes      Tmut           ##......     11%         2    ###....
c - Spider Form           Tmut/Pois      #.........   26%         3    ###....


Dungeon Overview and Level Annotations

Branches:
Dungeon (6/15)
 Temple: D:4-7

Altars:
Kikubaaqudgha
The Shining One

Shops:
D:4 *


Innate Abilities, Weirdness & Mutations

You cannot wear most types of armour.
You are very stealthy in the water. (Stealth+)
You are amphibious.
You can wear up to eight rings at the same time.
You can use your tentacles to constrict eight enemies at once.
Your skin changes colour to match your surroundings (Stealth+).
Your rubbery body absorbs attacks. (AC +1, EV +1)


Message History

Confirm with . or Enter, or press ? or * to list all spells.
You turn into a venomous arachnid creature.
Your transformation is almost over.
You hear a distant slurping noise.
Your transformation has ended.
You hear a distant slurping noise. 2 centaurs come into view.
The centaur shouts!
A centaur comes into view.
The centaur wields a shortbow.
The centaur shoots an arrow.
The arrow closely misses you.
The centaur wields a runed shortbow.
The centaur shoots an arrow.
The arrow hits you!
You see here 2 arrows.
A centaur comes into view.
The centaur shouts!
The centaur shoots an arrow.
The arrow hits you!
The centaur shoots an arrow.
The arrow hits you!
* * * LOW HITPOINT WARNING * * *
The centaur shoots an arrow.
The arrow hits you!
You die...

...≈≈≈#.##
#....≈≈≈≈..#
#+#...≈≈≈≈≈#.#####
.c.c..≈≈≈≈≈#.....#
...cc≈≈≈≈≈≈#####.#
≈.c≈≈≈≈≈≈≈≈ #.#
≈≈≈≈≈≈≈≈≈≈# #.#
≈≈≈≈≈≈≈.########.#
###@(........#
#.########## #.#
#.# #.. ###


You could see 5 centaurs.

Vanquished Creatures
  A phantom (D:4)
  The ghost of Rewans the Charmwright, an amateur DsWn of Xom (D:3)
  A centaur (D:5)
  A centaur zombie (D:5)
  A hound (D:4)
  An orc priest (D:4)
  An iguana (D:4)
  2 orc wizards (D:4)
  3 worker ants (D:4)
  7 adders
  A shadow imp (D:5)
  An ooze (D:3)
  2 adder skeletons
  12 dart slugs
  6 leopard geckos
  4 orcs (D:4)
  A ball python (D:3)
  7 bats
  6 goblins
  9 hobgoblins
  10 jackals
  2 quokkas
  9 frilled lizards
  8 kobolds
  A quokka skeleton (D:4)
  5 rats
103 creatures vanquished.

Notes
Turn   | Place    | Note
-------+----------+-------------------------------------------
     0 | D:1      | tehllama the Octopode Transmuter began the quest for the Orb.
     0 | D:1      | Reached XP level 1. HP: 13/13 MP: 3/3
    98 | D:1      | Reached XP level 2. HP: 6/18 MP: 3/5
   714 | D:1      | Reached skill level 4 in Unarmed Combat
   836 | D:1      | Reached XP level 3. HP: 23/23 MP: 4/6
  1530 | D:2      | Reached skill level 1 in Stealth
  1788 | D:2      | Reached XP level 4. HP: 16/28 MP: 4/7
  2272 | D:3      | Noticed Rewans's ghost (amateur DsWn)
  2720 | D:2      | Learned a level 2 spell: Sticks to Snakes
  2724 | D:2      | Learned a level 3 spell: Spider Form
  2743 | D:3      | Killed Rewans's ghost
  2743 | D:3      | Reached skill level 5 in Unarmed Combat
  2743 | D:3      | Reached XP level 5. HP: 11/33 MP: 2/8
  3844 | D:4      | Noticed a phantom
  4378 | D:4      | Found Visulyr's Assorted Antiques.
  4441 | D:4      | Reached XP level 6. HP: 24/38 MP: 9/9
  4526 | D:4      | Reached skill level 5 in Stealth
  5016 | D:4      | Reached skill level 1 in Shields
  5248 | D:4      | Noticed a phantom
  5306 | D:4      | Killed a phantom
  5306 | D:4      | Reached XP level 7. HP: 20/43 MP: 2/10
  5517 | D:4      | Reached skill level 1 in Poison Magic
  5796 | D:4      | Reached skill level 6 in Unarmed Combat
  5881 | D:4      | Bought a notched gilded ring for 130 gold pieces
  6311 | D:5      | Entered Level 5 of the Dungeon
  6533 | D:5      | Got a shimmering great sword
  6536 | D:5      | Found an ancient bone altar of Kikubaaqudgha.
  6536 | D:5      | Found a glowing golden altar of the Shining One.
  7574 | D:6      | Shot with an arrow by a centaur

Vault maps used:
D:1:      dpeg_arrival_more_subterranean_lakeside_camping
D:2:      minmay_lizard_king
D:4:      kennysheep_slugbush, serial_shops, kennysheep_mini_moat
D:5:      grunt_temple_overflow_open, first_bread, minmay_misc_feat_cross
D:6:      gammafunk_temple_overflow_forgotten, minmay_door_square, centaur_isle

Skill      XL: |  1  2  3  4  5  6  7 |
---------------+----------------------+-----
Unarmed Combat | 4 5 6 |  6.2
Stealth        | 1 4 5 |  5.5
Shields        | 1 |  1.7
Poison Magic   | 1 |  1.4
Fighting       | |  1.0
Dodging        | |  2.9
Spellcasting   | |  2.4
Transmutations | |  2.7

Action                   |  1- 3 |  4- 6 |  7- 9 || total
-------------------------+-------+-------+-------++-------
Melee: Unarmed           |    85 |   165 |    50 ||   300
       Constrict         |    23 |    21 |     5 ||    49
       Kick              |    13 |    24 |     5 ||    42
       Tentacles         |     9 |     9 |     6 ||    24
       Punch             |     2 |     5 |       ||     7
 Cast: Beastly Appendage |    22 |    22 |     6 ||    50
       Spider Form       |       |    11 |     8 ||    19
       Sticks to Snakes  |       |     5 |       ||     5
  Use: Scroll            |       |     5 |     3 ||     8
       Potion            |       |     1 |       ||     1
 Stab: Sleeping          |     2 |     7 |     2 ||    11
  Eat: Chunk             |     3 |    10 |     7 ||    20
       Fruit             |       |     3 |     2 ||     5
Armor: Skin              |     3 |     4 |     1 ||     8
Dodge: Dodged            |    44 |   114 |    29 ||   187
